 Dungeon Crawl Stone Soup version 0.21.1-1-g345015f (webtiles) character file.

157 Labyrinth the Firebug (level 5, -2/39 HPs)
             Began as a Draconian Fire Elementalist on July 24, 2018.
             Was an Initiate of Wu Jian.
             Shot with an arrow by a centaur (10 damage)
             ... on level 6 of the Dungeon.
             The game lasted 00:13:53 (2019 turns).

Labyrinth the Firebug (Draconian Fire Elementalist) Turns: 2019, Time: 00:13:53

Health: -2/39      AC:  5    Str:  9    XL:     5   Next: 15%
Magic:  6/9        EV: 12    Int: 16    God:    Wu Jian [......]
Gold:   162        SH:  0    Dex: 11    Spells: 1/10 levels left

rFire    . . .     SeeInvis .   f - +2 short sword (protect)
rCold    . . .     Gourm    .   (no shield)
rNeg     . . .     Faith    .   (armour unavailable)
rPois    +         Spirit   .   (helmet restricted)
rElec    .         Reflect  .   (no cloak)
rCorr    .         Harm     .   (no gloves)
MR       .....                  (no boots)
Stlth    ++........             (no amulet)
HPRegen  0.53/turn              (no ring)
MPRegen  0.11/turn              (no ring)

@: marked
A: unfitting armour, poison resistance, regeneration 1, weak 1, cold-blooded, AC
+5
a: Renounce Religion


You were on level 6 of the Dungeon.
You worshipped Wu Jian.
Wu Jian was noncommittal.
You were not hungry.

You visited 1 branch of the dungeon, and saw 4 of its levels.

You collected 162 gold pieces.

Inventory:

Hand Weapons
 f - a +2 short sword of protection (weapon)
 g - a +0 blowgun
 m - a cursed -1 hunting sling
 o - a +0 mace
Missiles
 d - 178 stones (quivered)
 e - 14 poisoned needles
 p - 54 bolts
Wands
 h - a wand of disintegration (11)
Scrolls
 c - a scroll of amnesia
 j - 2 scrolls of remove curse
 l - a scroll of immolation
 n - a scroll of enchant armour
 r - a scroll of teleportation {unknown}
Potions
 k - a potion of curing {unknown}
 q - a potion of lignification {unknown}
 s - a potion of haste {unknown}
Books
 a - a book of Flames

   Spells                             Type                      Level
   a - Flame Tongue                   Conjuration/Fire             1
   b - Throw Flame                    Conjuration/Fire             2
   c - Conjure Flame                  Conjuration/Fire             3
   d - Inner Flame                    Hexes/Fire                   3
   e - Sticky Flame                   Conjuration/Fire             4
   f - Fireball                       Conjuration/Fire             5
Comestibles
 b - 4 rations


   Skills:
 + Level 0.5 Fighting
 + Level 0.8 Short Blades
 + Level 1.1 Throwing
 + Level 2.2 Dodging
 + Level 2.2 Stealth
 + Level 3.0 Spellcasting
 + Level 1.8 Conjurations
 + Level 3.9 Fire Magic


You had one spell level left.
You knew the following spells:

 Your Spells              Type           Power        Failure   Level  Hunger
a - Flame Tongue          Conj/Fire      ##...        5%          1    #......
b - Throw Flame           Conj/Fire      ##....       9%          2    ##.....
c - Conjure Flame         Conj/Fire      ##......     17%         3    ###....
d - Inner Flame           Hex/Fire       #.......     24%         3    ###....


Dungeon Overview and Level Annotations

Branches:
Dungeon (3/15)

Altars:
Wu Jian

Portals:
Ossuary: D:6

Annotations:
D:6 Menkaure; Pad's ghost, novice DEAE


Innate Abilities, Weirdness & Mutations

Your plain brown scales are hard. (AC +5)
You cannot fit into any form of body armour.
You are cold-blooded and may be slowed by cold attacks.
Your system is resistant to poisons. (rPois)
Your natural rate of healing is unusually fast.
You are weak. (Str -2)


Message History

Aim: a centaur, wielding a shortbow (chance to defeat MR: 65%)
The centaur struggles to resist.
The centaur shoots an arrow.
The arrow hits you!
Casting: Flame Tongue
Confirm with . or Enter, or press ? or * to list all spells.
Aiming: Conjure Flame
Press: ? - help, Dir - move target cursor, p - centaur The fire ignites!
A goblin zombie comes into view.
Okay, then.
Evoke which item? (* to show all) (? for menu, Esc to quit)
Aiming: Disintegrate
Press: ? - help, Shift-Dir - straight line, f - centaur
Aim: a centaur, wielding a shortbow (chance to defeat MR: 65%)
The centaur is blasted.
The centaur shoots an arrow.
The arrow closely misses you.
The centaur shoots an arrow.
The arrow hits you!
* * * LOW HITPOINT WARNING * * *
The centaur shoots an arrow.
The arrow misses you.
The centaur shoots an arrow.
The arrow hits you!
You die...

############ #...o......#
########oZZ.......#
#(.@.(§cWO#######Z# ....#
#O#######S# .∩. #.# ...# # #.#
Z.. #.# ...# #### #W# #.# #.#
..# ...###S# #.# #Y# # a.# #
#......###.###Z# . #.####.
#..........Y...#
.########...##.###.###.....o####
.......M....a.........>######


You could see an orc warrior, 2 ogres, a centaur, Pad's ghost, an adder and 2
goblin zombies.

Vanquished Creatures
  The ghost of profreshinal the Caller, an amateur FoSu (D:3)
  A worker ant (D:6)
  An adder (D:2)
  An ooze (D:1)
  3 worms (D:2)
  2 dart slugs (D:2)
  An orc (D:3)
  7 bats
  A giant cockroach (D:3)
  4 goblins
  4 hobgoblins
  3 kobolds
  A ball python (D:3)
  A frilled lizard (D:1)
  3 rats
34 creatures vanquished.

Notes
Turn   | Place    | Note
-------+----------+-------------------------------------------
     0 | D:1      | Labyrinth the Draconian Fire Elementalist began the quest for the Orb.
     0 | D:1      | Reached XP level 1. HP: 14/14 MP: 3/3
   493 | D:1      | Reached XP level 2. HP: 20/20 MP: 1/5
   497 | D:1      | Learned a level 2 spell: Throw Flame
   829 | D:2      | Reached XP level 3. HP: 21/26 MP: 0/6
   834 | D:2      | Learned a level 3 spell: Conjure Flame
  1037 | D:2      | Found an ornate altar of the Wu Jian Council.
  1041 | D:2      | Became a worshipper of the Wu Jian Council
  1119 | D:2      | Found a faded altar of an unknown god.
  1607 | D:3      | Noticed profreshinal's ghost (amateur FoSu)
  1632 | D:3      | HP: 1/26 [profreshinal's ghost (9)]
  1636 | D:3      | Killed profreshinal's ghost
  1636 | D:3      | Reached XP level 4. HP: 1/34 MP: 0/8
  1641 | D:3      | Learned a level 3 spell: Inner Flame
  1680 | D:3      | Gained mutation: You are weak. (Str -2) [potion of mutation]
  1680 | D:3      | Gained mutation: Your system is resistant to poisons. (rPois) [potion of mutation]
  1680 | D:3      | Gained mutation: Your natural rate of healing is unusually fast. [potion of mutation]
  1932 | D:3      | You fall through a shaft for 3 floors!
  1932 | D:6      | Noticed Menkaure
  1958 | D:6      | Noticed an orc warrior
  1959 | D:6      | Noticed an ice beast
  1986 | D:6      | Found a sand-covered staircase.
  1990 | D:6      | Noticed an ogre
  1997 | D:6      | Noticed an ogre
  2006 | D:6      | Noticed a centaur
  2006 | D:6      | Noticed Pad's ghost (novice DEAE)
  2014 | D:6      | Reached skill level 1 in Throwing
  2014 | D:6      | Reached XP level 5. HP: 25/39 MP: 9/9
  2019 | D:6      | Shot with an arrow by a centaur

Skill      XL: |  1  2  3  4 |
---------------+-------------+-----
Stealth        | 2 |  2.2
Dodging        | 2 |  2.2
Spellcasting   | 3 |  3.0
Throwing       | 1 |  1.1
Fighting       | |  0.5
Short Blades   | |  0.8
Conjurations   | |  1.8
Fire Magic     | |  3.9

Action                   |  1- 3 |  4- 6 || total
-------------------------+-------+-------++-------
Melee: Unarmed           |     7 |       ||     7
       Club              |     5 |       ||     5
       Tailslap          |     2 |       ||     2
       Short sword       |    30 |     7 ||    37
Throw: Stone             |     2 |       ||     2
 Cast: Flame Tongue      |    52 |     6 ||    58
       Throw Flame       |     3 |       ||     3
       Conjure Flame     |       |     1 ||     1
Invok: Lunge             |     2 |       ||     2
Evoke: Wand              |       |     4 ||     4
  Use: Scroll            |     6 |     4 ||    10
       Potion            |       |     5 ||     5
  Eat: Chunk             |     3 |       ||     3
       Ration            |       |     1 ||     1
Armor: Skin              |    21 |     2 ||    23
Dodge: Dodged            |    35 |    25 ||    60
